 Dungeon Crawl Stone Soup version 0.23.0-3-gf3c87f2 (webtiles) character file.

Game seed: 7999917966438404269

398 misha the Poker (level 6, -5/75 HPs)
             Began as a Merfolk Berserker on Feb 24, 2019.
             Was a Believer of Trog.
             Slain by a sky beast (6 damage)
             ... on level 5 of the Dungeon.
             The game lasted 00:15:32 (5178 turns).

misha the Poker (Merfolk Berserker)                 Turns: 5178, Time: 00:15:37

Health: -5/75      AC:  4    Str: 24    XL:     6   Next: 83%
Magic:  7/7        EV: 14    Int:  6    God:    Trog [**....]
Gold:   124        SH:  0    Dex: 14    Spells: 5/5 levels left

rFire    . . .     SeeInvis .   a - +0 spear
rCold    . . .     Gourm    .   (no shield)
rNeg     . . .     Faith    .   v - +2 robe {MR+}
rPois    .         Spirit   .   (no helmet)
rElec    .         Reflect  .   (no cloak)
rCorr    .         Harm     .   (no gloves)
MR       +....                  (no boots)
Stlth    ..........             (no amulet)
HPRegen  0.22/turn              (no ring)
MPRegen  0.10/turn              (no ring)

@: berserking, lethally poisoned (-5 -> -6), very quick
A: change form in water, swift swim, stealthy swim
a: Berserk, Trog's Hand, Renounce Religion


You were on level 5 of the Dungeon.
You worshipped Trog.
Trog was pleased with you.
You were not hungry.

You visited 1 branch of the dungeon, and saw 5 of its levels.

You collected 124 gold pieces.

Inventory:

Hand Weapons
 a - a +0 spear (weapon)
 b - a +4 flail of holy wrath
Missiles
 j - 20 poisoned needles
 l - 65 stones (quivered)
 r - 5 tomahawks
Armour
 v - a +2 robe of magic resistance (worn)
Jewellery
 e - an uncursed ring of magical power {unknown}
 k - a +3 ring of strength {unknown}
 n - a cursed ring of teleportation {unknown}
Wands
 m - a wand of iceblast (7)
Scrolls
 f - 5 scrolls of identify
 h - 2 scrolls of teleportation {unknown}
 o - 4 scrolls of remove curse {unknown}
 p - a scroll of enchant weapon {unknown}
 t - a scroll of fog {unknown}
 u - a scroll of random uselessness {unknown}
Potions
 i - a potion of agility {unknown}
 q - a potion of flight {unknown}
 s - a potion of degeneration {unknown}
 w - a potion of magic {unknown}
 x - a potion of might {unknown}
Comestibles
 c - 5 rations


   Skills:
 + Level 4.8 Fighting
 + Level 0.9 Maces & Flails
 + Level 6.5 Polearms
 - Level 1.5 Armour
 + Level 4.4 Dodging
 + Level 2.9 Stealth
 + Level 2.2 Evocations


You had 5 spell levels left.
You didn't know any spells.
Your spell library contained the following spells:

 Spells                   Type           Power        Failure   Level  Hunger
 Beastly Appendage        Tmut           #.....       45%         1    ##.....
 Sticks to Snakes         Tmut           #.......     58%         2    ###....
 Spider Form              Tmut/Pois      #.........   83%         3    ####...
 Ice Form                 Ice/Tmut       #.......     99%         4    #####..
 Blade Hands              Tmut           #.........   100%        5    ######.


Dungeon Overview and Level Annotations

Branches:
Dungeon (5/15)
 Temple: D:4-7

Altars:
Makhleb
Sif Muna
Trog
The Shining One


Message History

Reactivating autopickup.
The sky beast hits you.
* * * LOW HITPOINT WARNING * * *
The sky beast shocks you.
* * * LOW HITPOINT WARNING * * *
A red film seems to cover your vision as you go berserk!
You feel yourself moving faster!
You feel mighty!
You feel sick. The adder bites you but does no damage.
The sky beast flickers out of sight!
Deactivating autopickup; reactivate with Ctrl-A.
Something hits you but does no damage.
You hit the adder.
The adder is heavily wounded.
The adder misses you.
You impale the adder!!
You kill the adder!
Trog accepts your kill. Something hits you.
* * * LOW HITPOINT WARNING * * *
Something shocks you.
You die...

.......#....#######..##
........###.## ..
........# #.# ........#
#.########
........###.........
..........####...##
#.......####...#
#..............
#..†@{.........
#...###........ .......
#........ .......
#........ .......
......... .......
.######## ###.### . ..


There were no monsters in sight!

Vanquished Creatures
  Edmund (D:4)
  Blork the orc (D:4)
  A howler monkey (D:4)
  A hound (D:4)
  A bullfrog skeleton (D:4)
  An iguana (D:4)
  An orc wizard (D:4)
  An adder (D:5)
  An ooze (D:3)
  3 worms
  A dart slug (D:1)
  A leopard gecko (D:2)
  4 orcs
  A giant cockroach (D:4)
  7 goblins
  2 hobgoblins
  6 jackals
  A ball python (D:2)
  4 bats
  5 frilled lizards
  4 kobolds
  9 rats
57 creatures vanquished.

Notes
Turn   | Place    | Note
-------+----------+-------------------------------------------
     0 | D:1      | misha the Merfolk Berserker began the quest for the Orb.
     0 | D:1      | Reached XP level 1. HP: 18/18 MP: 1/1
   585 | D:1      | Reached XP level 2. HP: 22/24 MP: 2/2
  1205 | D:2      | Reached skill level 5 in Polearms
  1338 | D:2      | Reached XP level 3. HP: 20/30 MP: 3/3
  1720 | D:2      | Reached ** piety under Trog
  2436 | D:3      | Found a glowing golden altar of the Shining One.
  2555 | D:3      | Reached skill level 1 in Stealth
  2709 | D:3      | Found a deep blue altar of Sif Muna.
  3013 | D:4      | Reached XP level 4. HP: 23/37 MP: 4/4
  3064 | D:4      | Reached skill level 1 in Evocations
  3522 | D:4      | Noticed Edmund
  3529 | D:4      | Killed Edmund
  3529 | D:4      | Reached skill level 6 in Polearms
  3529 | D:4      | Reached XP level 5. HP: 43/43 MP: 4/6
  3529 | D:4      | Reached XP level 6. HP: 49/49 MP: 4/7
  3688 | D:4      | Noticed Blork the orc
  3702 | D:4      | Killed Blork the orc
  4017 | D:4      | Change
  4854 | D:4      | Found a bloodstained altar of Trog.
  5104 | D:5      | Entered Level 5 of the Dungeon
  5139 | D:5      | Found a burning altar of Makhleb.
  5139 | D:5      | Noticed a cacodemon
  5143 | D:5      | Noticed an orange demon
  5143 | D:5      | Noticed a smoke demon
  5161 | D:5      | Noticed a sky beast
  5176 | D:5      | HP: 3/73 [poisoned by an adder]
  5178 | D:5      | HP: 1/75 [something (3)]
  5178 | D:5      | Slain by a sky beast

Skill      XL: |  1  2  3  4  5  6 |
---------------+-------------------+-----
Polearms       | 5 6 |  6.5
Dodging        | 3 4 |  4.4
Fighting       | 4 |  4.8
Stealth        | 1 2 |  2.9
Evocations     | 1 2 |  2.2
Maces & Flails | |  0.9
Armour         | |  1.5

Action                   |  1- 3 |  4- 6 || total
-------------------------+-------+-------++-------
Melee: Spear             |   167 |    41 ||   208
       Flail             |       |    31 ||    31
Invok: Berserk           |     1 |     3 ||     4
Evoke: Wand              |       |     1 ||     1
  Use: Scroll            |       |     2 ||     2
       Potion            |       |     1 ||     1
 Stab: Sleeping          |     1 |     1 ||     2
  Eat: Chunk             |     5 |     5 ||    10
       Ration            |       |     2 ||     2
Armor: Ring mail         |    36 |     6 ||    42
       Robe              |       |     7 ||     7
       Chain mail        |       |     7 ||     7
Dodge: Dodged            |    66 |    39 ||   105
